[Event "ICCopen2017"]
[Site "Internet Chess Club"]
[Date "2017.03.26"]
[Round "8"]
[White "lion100"]
[Black "xvs"]
[Result "0-1"]
[ICCResult "White forfeits on time"]
[WhiteElo "1391"]
[BlackElo "1700"]
[Opening "Sicilian"]
[ECO "B56"]
[NIC "SI.25"]
[Time "20:29:54"]
[TimeControl "180+0"]

1. e4 c5 2. Nf3 d6 3. d4 cxd4 4. Nxd4 Nf6 5. Nc3 Nc6 6. f3 e5 7. Nb3 Be6 8.
Be3 Be7 9. Qd2 O-O 10. O-O-O a6 11. g4 Qc7 12. g5 Nd7 13. h4 Nb4 14. Bh3 b5
15. a3 Nc6 16. Nd5 Bxd5 17. exd5 Na7 18. Bxd7 Qxd7 19. Qf2 Rfc8 20. Nd2 b4
21. axb4 Nb5 22. Ne4 a5 23. bxa5 Rxa5 24. Kd2 Qb7 25. Ke1 Ra2 26. Bc1 Nd4
27. Nc3 Qa6 28. Rxd4 exd4 29. Qxd4 Ra1 30. Kf2 Bd8 31. Re1 Bb6 32. Qxb6
Qxb6+ 33. Be3 Qa6 34. Re2 Re8 35. Ne4 Ra2 36. Bd4 Qc4 37. Bc3 Qxd5
{White forfeits on time}
0-1

[Event "ICCopen2017"]
[Site "Internet Chess Club"]
[Date "2017.03.26"]
[Round "8"]
[White "nadalthegreat"]
[Black "Mormegil"]
[Result "1-0"]
[ICCResult "Black checkmated"]
[WhiteElo "2039"]
[BlackElo "1704"]
[Opening "QGD Slav defense"]
[ECO "D13"]
[NIC "SL.01"]
[Time "20:29:49"]
[TimeControl "180+0"]

1. d4 d5 2. c4 c6 3. Nc3 Nf6 4. cxd5 cxd5 5. Nf3 Nc6 6. g3 Bg4 7. Bg2 e6 8.
O-O Be7 9. h3 Bxf3 10. Bxf3 O-O 11. e4 dxe4 12. Nxe4 Nxe4 13. Bxe4 Bf6 14.
Bxc6 bxc6 15. Be3 Qd5 16. Qd2 Rfd8 17. Rad1 Rd7 18. Qc3 Rad8 19. b3 c5 20.
Qc4 cxd4 21. Bf4 e5 22. Bd2 Qxc4 23. bxc4 Rc7 24. Ba5 Rcc8 25. Bxd8 Bxd8 26.
f4 f6 27. fxe5 fxe5 28. Rfe1 Bf6 29. Rc1 Rc5 30. Kg2 Kf7 31. Kf3 Ke6 32. Ke4
Kd6 33. Re2 Ra5 34. Rec2 Kc5 35. Rb2 Ra3 36. Rb5+ Kc6 37. Rb3 Rxa2 38. Kf3
a5 39. Rcb1 Kc5 40. R3b2 Rxb2 41. Rxb2 Kxc4 42. Ke4 Kc3 43. Ra2 Kb4 44. Rb2+
Kc4 45. Rb8 a4 46. Rc8+ Kb3 47. Kd3 a3 48. Rb8+ Ka4 49. Kc4 Ka5 50. Ra8+ Kb6
51. Rxa3 e4 52. Kd5 d3 53. Kxe4 d2 54. Rd3 Bg5 55. h4 Bh6 56. g4 g5 57. h5
Bg7 58. Rxd2 h6 59. Rd6+ Kc7 60. Rg6 Bf8 61. Kf5 Kd7 62. Kf6 Be7+ 63. Kf7
Bd6 64. Rxh6 Bf4 65. Rg6 Kc7 66. h6 Kd7 67. Rg7 Be5 68. h7 Bxg7 69. Kxg7 Ke6
70. h8=Q Ke5 71. Qh5 Kf4 72. Kf6 Ke4 73. Qxg5 Kd3 74. Qf5+ Kd4 75. g5 Kc4
76. g6 Kd4 77. g7 Kc4 78. g8=Q+ Kd4 79. Kg5 Kc3 80. Qe8 Kc4 81. Qfd7 Kc5 82.
Qec8+ Kb4 83. Qdb7+ Ka3 84. Qca8# {Black checkmated} 1-0

[Event "ICCopen2017"]
[Site "Internet Chess Club"]
[Date "2017.03.26"]
[Round "8"]
[White "tryto"]
[Black "splashlee2010"]
[Result "0-1"]
[ICCResult "White forfeits on time"]
[WhiteElo "1263"]
[BlackElo "1248"]
[Opening "Queen's bishop game"]
[ECO "D02"]
[NIC "QP.08"]
[Time "20:29:53"]
[TimeControl "180+0"]

1. d4 d5 2. Nf3 Nf6 3. Bf4 e6 4. e3 c6 5. Nbd2 Qb6 6. Rb1 Qa5 7. a3 Ne4 8.
Bd3 Nxd2 9. Nxd2 Nd7 10. O-O Nf6 11. h3 Be7 12. c4 h6 13. c5 O-O 14. Ra1 Qd8
15. b4 Nh7 16. a4 f5 17. b5 Bg5 18. Bd6 Rf7 19. f4 Be7 20. Bxe7 Qxe7 21. Qc2
Nf6 22. Rfb1 Ne4 23. Nxe4 fxe4 24. Be2 Qh4 25. Kh2 Bd7 26. g3 Qf6 27. bxc6
Bxc6 28. a5 a6 29. Rb6 Raf8 30. Bxa6 bxa6 31. Rxc6 Ra8 32. Rb1 Rfa7 33. Rbb6
Kf7 34. Qe2 g6 35. Rxa6 Rxa6 36. Rxa6 Rb8 {White forfeits on time} 0-1

[Event "ICCopen2017"]
[Site "Internet Chess Club"]
[Date "2017.03.26"]
[Round "8"]
[White "fletcherdavid"]
[Black "ylr5000"]
[Result "0-1"]
[ICCResult "White forfeits on time"]
[WhiteElo "1875"]
[BlackElo "2265"]
[Opening "Nimzovich-Larsen attack: Indian variation"]
[ECO "A01"]
[NIC "VO.08"]
[Time "20:29:49"]
[TimeControl "180+0"]

1. b3 Nf6 2. Bb2 d5 3. Bxf6 gxf6 4. d4 c5 5. e3 Nc6 6. c3 cxd4 7. exd4 e5 8.
Bb5 Rg8 9. g3 Qb6 10. Bxc6+ bxc6 11. Ne2 Ba6 12. Nd2 c5 13. O-O cxd4 14.
cxd4 Bh6 15. Nf3 Qe6 16. dxe5 fxe5 17. Re1 e4 18. Nfd4 Qf6 19. b4 Bc4 20.
Qa4+ Kf8 21. Rad1 Rg6 22. Nc3 Kg7 23. Qd7 Rd8 24. Qxa7 Qe5 25. Nc6 Rxc6 26.
Nxe4 Re6 27. Qd4 Qxd4 28. Rxd4 Rde8 29. f4 Rxe4 30. Rdxe4 Rxe4 31. Rd1 f5
32. Kg2 Kg6 33. Kh3 Bxa2 34. b5 Rb4 35. Rd2 Bc4 36. b6 Rxb6 37. Rd1 Rb2 38.
Ra1 Bg7 39. Ra5 Bf6 40. g4 Bf1+ 41. Kg3 Rf2 42. gxf5+ Kxf5 43. Rxd5+ Ke4 44.
Re5+ Bxe5 45. fxe5 Rf3+ {White forfeits on time} 0-1

[Event "ICCopen2017"]
[Site "Internet Chess Club"]
[Date "2017.03.26"]
[Round "8"]
[White "EGK"]
[Black "sasukenakamura"]
[Result "1-0"]
[ICCResult "Black forfeits on time"]
[WhiteElo "1938"]
[BlackElo "1634"]
[Opening "King's Indian: Torre attack"]
[ECO "A48"]
[NIC "QP.01"]
[Time "20:29:42"]
[TimeControl "180+0"]

1. d4 Nf6 2. Nf3 g6 3. Bg5 Bg7 4. e3 h6 5. Bh4 d6 6. Bd3 O-O 7. O-O Nbd7 8.
Nbd2 e5 9. c3 c6 10. Qc2 Qc7 11. Rad1 Re8 12. dxe5 dxe5 13. e4 Nf8 14. Bg3
Nh5 15. Nc4 Nxg3 16. hxg3 Be6 17. Ne3 Red8 18. Bc4 b5 19. Bxe6 Nxe6 20. b4
a5 21. a3 axb4 22. axb4 Kh7 23. Rxd8 Rxd8 24. Rd1 Rxd1+ 25. Qxd1 Bf8 26. Ng4
Bg7 27. Qa1 c5 28. Qa6 cxb4 29. cxb4 Nd4 30. Nxd4 exd4 31. Qxb5 Qc3 32. Qc5
Qa1+ 33. Kh2 d3 34. Ne3 Bd4 35. Qd5 Kg7 36. Nc4 Qc3 37. b5 Bxf2 38. Ne5 Qc7
39. Nxd3 Bxg3+ 40. Kh3 h5 41. e5 h4 42. Kg4 Qc8+ 43. Kf3 Qf5+ 44. Ke3 Qg5+
45. Kd4 Qg4+ 46. Kc3 Qc8+ 47. Nc5 Bf2 48. Kc4 Bxc5 49. Qxc5 Qg4+ 50. Kd5
Qxg2+ 51. Kd6 h3 52. b6 h2 53. Qc6 h1=Q 54. Qe8 Qd5+ 55. Ke7 Qb7+ 56. Kd8
{Black forfeits on time}
1-0

[Event "ICCopen2017"]
[Site "Internet Chess Club"]
[Date "2017.03.26"]
[Round "8"]
[White "rayhem"]
[Black "centralsquare"]
[Result "0-1"]
[ICCResult "White forfeits on time"]
[WhiteElo "1344"]
[BlackElo "1471"]
[Opening "Queen's pawn game, Krause variation"]
[ECO "D13"]
[NIC "QP.08"]
[Time "20:29:58"]
[TimeControl "180+0"]

1. d4 d5 2. Nf3 c5 3. c3 cxd4 4. cxd4 Nc6 5. Nc3 Nf6 6. Bg5 Qb6 7. Qb3 e6 8.
a3 Be7 9. Qxb6 axb6 10. e3 Nb4 11. O-O-O Nc6 12. Bb5 O-O 13. h4 Ng4 14. Rd2
Bxg5 15. hxg5 Na5 16. Kc2 Nc4 17. Bxc4 dxc4 18. Rh4 e5 19. dxe5 Be6 20. Nd4
Nxe5 21. Nxe6 fxe6 22. Ne4 Nd3 23. f4 b5 24. g4 b4 25. Rdh2 Kf7 26. Rxh7 Rg8
27. g6+ Ke7 28. axb4 Nxb4+ 29. Kc3 Nd5+ 30. Kxc4 Nxe3+ 31. Kb5 Nxg4 32. Rc2
Rad8 33. Nc5 Nf6 34. Rh3 Rd5 35. Kb6 Rgd8 36. Nxb7 Rb8 37. Rc7+ Rd7 38.
Rxd7+ Nxd7+ 39. Kc6 Rc8+ {White forfeits on time} 0-1

[Event "ICCopen2017"]
[Site "Internet Chess Club"]
[Date "2017.03.26"]
[Round "8"]
[White "Buscapina"]
[Black "DetectiveStark"]
[Result "1-0"]
[ICCResult "Black forfeits on time"]
[WhiteElo "2231"]
[BlackElo "2477"]
[Opening "Giuoco Piano: Steinitz variation"]
[ECO "C54"]
[NIC "IG.02"]
[Time "20:29:41"]
[TimeControl "180+0"]

1. e4 e5 2. Nf3 Nc6 3. Bc4 Bc5 4. c3 Nf6 5. d4 exd4 6. cxd4 Bb4+ 7. Nc3 Nxe4
8. O-O Bxc3 9. bxc3 d5 10. Ba3 Be6 11. Bd3 Nd6 12. Qc2 h6 13. Rab1 Rb8 14.
Ne5 O-O 15. Rb2 Na5 16. Rfb1 b6 17. Bb4 Ra8 18. Bxa5 bxa5 19. Qa4 Qg5 20.
Qxa5 Bh3 21. Bf1 Ne4 22. Qxd5 Nxc3 23. Qxa8 Rxa8 24. Rb8+ Rxb8 25. Rxb8+ Kh7
26. Rh8+ Kxh8 27. Nxf7+ Kg8 28. Nxg5 hxg5 29. gxh3 Kf7 30. Bc4+ Kf6 31. Kg2
Kf5 32. Kf3 a5 33. Bd3+ Kf6 34. a3 Nd5 35. Ke4 Nc3+ 36. Ke3 Nd5+ 37. Kf3 Nc3
38. Kg4 Nd5 39. h4 gxh4 40. Kxh4 Nf4 41. Bf1 Ne6 42. d5 Nf4 43. Bc4 Ke5 44.
Kg5 Nxd5 45. h4 Nf4 46. h5 c5 47. f3 a4 48. Kg4 Nd5 49. Kg5 Nf4 50. Kg4 Nd5
51. Kg5 Nf6 52. Kg6 Kf4 53. h6 gxh6 54. Kxf6 Kxf3 55. Bb5 Ke4 56. Bxa4 c4
57. Bc2+ Ke3 58. Kg6 Kd2 59. Be4 Kc3 60. Bc2 Kxc2 61. a4 Kb3 62. a5 c3 63.
a6 c2 64. a7 c1=Q 65. a8=Q Qg5+ 66. Kf7 Qf5+ 67. Kg7 Qe5+ 68. Kh7 Qf5+ 69.
Kg7 Qe5+ 70. Kf8 Qc5+ 71. Ke8 Qb5+ 72. Kf7 Qc5 73. Kf6 Qb4 74. Kf5 Qc5+ 75.
Kg4 {Black forfeits on time} 1-0

[Event "ICCopen2017"]
[Site "Internet Chess Club"]
[Date "2017.03.26"]
[Round "8"]
[White "GrandPatzer5"]
[Black "giovana64"]
[Result "1-0"]
[ICCResult "Black checkmated"]
[WhiteElo "1938"]
[BlackElo "1621"]
[Opening "Scandinavian (center counter) defense"]
[ECO "B01"]
[NIC "VO.17"]
[Time "20:30:01"]
[TimeControl "180+0"]

1. e4 d5 2. exd5 Qxd5 3. Nf3 Nf6 4. Be2 Bg4 5. O-O e6 6. c4 Qa5 7. d4 c6 8.
Nc3 Be7 9. Be3 O-O 10. a3 Rd8 11. Ne5 Bxe2 12. Qxe2 c5 13. Rad1 cxd4 14.
Bxd4 Nc6 15. Nxc6 bxc6 16. Qf3 Qa6 17. c5 Rab8 18. Rd2 Nd5 19. Rfd1 Nxc3 20.
Qxc3 Rd5 21. Bxg7 Rxc5 22. Qg3 Rg5 23. Qxb8+ Kxg7 24. h4 Rg6 25. Rd7 Bf6 26.
Qe8 Bxh4 27. Qxf7+ Kh6 28. Qxh7+ Kg5 29. Qe7+ Kh5 30. Qh7+ Kg5 31. g3 Bxg3
32. fxg3 Qb6+ 33. R1d4 Rh6 34. Rg7+ Kf6 35. Qxh6+ Ke5 36. Qf4#
{Black checkmated}
1-0

[Event "ICCopen2017"]
[Site "Internet Chess Club"]
[Date "2017.03.26"]
[Round "8"]
[White "BrentMusburger"]
[Black "shredded"]
[Result "0-1"]
[ICCResult "White checkmated"]
[WhiteElo "2351"]
[BlackElo "2713"]
[Opening "French: Winawer, advance variation"]
[ECO "C16"]
[NIC "FR.09"]
[Time "20:30:24"]
[TimeControl "180+0"]

1. e4 e6 2. d4 d5 3. Nc3 Bb4 4. e5 Ne7 5. a3 Bxc3+ 6. bxc3 b6 7. a4 Ba6 8.
Bb5+ Bxb5 9. axb5 c6 10. bxc6 Nbxc6 11. h4 h5 12. Nf3 Qd7 13. Ng5 Na5 14.
Ba3 Nf5 15. Qd3 Rc8 16. Ke2 Nc4 17. Bc1 Rc7 18. g3 Qc6 19. Qf3 Qb5 20. Ke1
Na5 21. Bd2 Qb2 22. Rc1 Nc4 23. Qd3 Qb5 24. Ke2 Qc6 25. Ra1 f6 26. Nf3 Kf7
27. Rhb1 Rhc8 28. Rb3 Na5 29. Rba3 Nc4 30. Rxa7 Qd7 31. Bf4 Rxa7 32. Rxa7
Qxa7 33. exf6 gxf6 34. Nh2 Qa2 35. g4 hxg4 36. Nxg4 Na3 37. Ne3 Nxc2 38.
Nxc2 Qc4 39. Qxc4 Rxc4 40. Kd3 Nxh4 41. Bc7 Rxc7 42. Nb4 Nf5 43. Nc2 Nd6 44.
Nb4 Ke7 45. Nc2 Nb5 46. Nb4 Rxc3+ 47. Kd2 Rc4 48. Nc2 Rxc2+ 49. Kxc2 Nxd4+
50. Kd3 Nc6 51. Kc3 e5 52. Kd3 Kd6 53. Kc3 Kc5 54. Kd3 b5 55. Kc3 b4+ 56.
Kb3 Kb5 57. Kc2 Kc4 58. Kb2 d4 59. Kc2 e4 60. Kd2 b3 61. Kc1 Kc3 62. f3 e3
63. Kd1 d3 64. f4 b2 65. f5 b1=Q# {White checkmated} 0-1

[Event "ICCopen2017"]
[Site "Internet Chess Club"]
[Date "2017.03.26"]
[Round "8"]
[White "unkavalo"]
[Black "DementedMonkey"]
[Result "1-0"]
[ICCResult "Black checkmated"]
[WhiteElo "2482"]
[BlackElo "2250"]
[Opening "English opening"]
[ECO "A13"]
[NIC "EO.64"]
[Time "20:30:03"]
[TimeControl "180+0"]

1. c4 e6 2. Nc3 d5 3. e3 c5 4. cxd5 exd5 5. d4 Nf6 6. Nf3 Be7 7. dxc5 Bxc5
8. Be2 O-O 9. O-O Nc6 10. b3 d4 11. Na4 b6 12. Nxc5 bxc5 13. exd4 Nxd4 14.
Nxd4 cxd4 15. Bb2 Bb7 16. Qxd4 Qa5 17. Qe5 Qxe5 18. Bxe5 Rfe8 19. Bxf6 Rxe2
20. Bd4 a5 21. Rfe1 Rc2 22. a3 Bd5 23. b4 axb4 24. axb4 Rb8 25. Bc5 h6 26.
h3 Be6 27. Ra7 Rd8 28. Rb1 Rdd2 29. Be3 Rd3 30. b5 Rcc3 31. b6 Rb3 32. Rxb3
Rxb3 33. Kh2 Bd5 34. Kg3 Kh7 35. Rd7 Be4 36. Rxf7 Kg6 37. Re7 Bd5 38. Kf4
Rb5 39. Bd4 Bxg2 40. Rxg7+ Kh5 41. Rxg2 Rb4 42. Ke5 Kh4 43. Rg6 h5 44. Rh6
Kxh3 45. Rxh5+ Kg4 46. Rh7 Kf3 47. b7 Rb5+ 48. Kd6 Ke4 49. Ba7 Rd5+ 50. Kc6
Rf5 51. b8=Q Rf6+ 52. Kc5 Rf5+ 53. Kc4 Kf3 54. Qb7+ Ke2 55. Re7+ Kf1 56. f4
Rxf4+ 57. Kd5 Rf3 58. Rf7 Kg2 59. Ke5 Kh1 60. Qxf3+ Kh2 61. Rh7#
{Black checkmated}
1-0

[Event "ICCopen2017"]
[Site "Internet Chess Club"]
[Date "2017.03.26"]
[Round "8"]
[White "fisherino"]
[Black "HighGround"]
[Result "1-0"]
[ICCResult "Black forfeits on time"]
[WhiteElo "1542"]
[BlackElo "1353"]
[Opening "Caro-Kann: advance variation"]
[ECO "B12"]
[NIC "CK.04"]
[Time "20:29:58"]
[TimeControl "180+0"]

1. e4 c6 2. d4 d5 3. e5 Bf5 4. Nf3 e6 5. Be2 Qb6 6. O-O Nd7 7. c4 dxc4 8.
Bxc4 O-O-O 9. Qb3 Qxb3 10. Bxb3 Nb6 11. Bg5 Ne7 12. Nc3 h6 13. Bxe7 Bxe7 14.
Rac1 Kb8 15. Rfd1 g5 16. Na4 Nxa4 17. Bxa4 g4 18. Ne1 h5 19. Bc2 Bxc2 20.
Nxc2 h4 21. Ne3 g3 22. hxg3 hxg3 23. fxg3 Bg5 24. Kf2 Rdg8 25. Rh1 Bxe3+ 26.
Kxe3 Rxh1 27. Rxh1 Rxg3+ 28. Kf2 Rg4 29. Rh7 Rf4+ 30. Ke3 Rf5 31. g4 Rf1 32.
g5 Rg1 33. Rxf7 Rxg5 34. Rf6 Rg3+ 35. Kf4 Rg2 36. Rxe6 Rxb2 37. Rf6 Rd2 38.
e6 Rxd4+ 39. Ke5 Rd5+ 40. Ke4 Kc7 41. Rf7+ Kd6 42. e7 Re5+ 43. Kd4 Rxe7 44.
Rf6+ Kc7 45. Rh6 Re2 46. a3 Ra2 47. Rh3 Kb6 48. Kc4 a5 49. Kb3 Re2 50. Rg3
Re4 51. Kc3 a4 52. Rg5 Rh4 53. Rf5 c5 54. Rf6+ Kb5 55. Rf7 b6 56. Rf5 Rh3+
57. Kb2 Rb3+ 58. Ka2 Kc4 59. Rf4+ Kc3 60. Rf3+ Kc2 61. Rf2+ Kd3 62. Rf3+ Ke4
63. Rf6 {Black forfeits on time} 1-0

[Event "ICCopen2017"]
[Site "Internet Chess Club"]
[Date "2017.03.26"]
[Round "8"]
[White "chabotheking"]
[Black "RobertoJBM"]
[Result "1-0"]
[ICCResult "Black forfeits on time"]
[WhiteElo "2586"]
[BlackElo "2703"]
[Opening "Caro-Kann: advance variation"]
[ECO "B12"]
[NIC "CK.04"]
[Time "20:29:48"]
[TimeControl "180+0"]

1. e4 c6 2. d4 d5 3. e5 Bf5 4. h4 h6 5. h5 Qb6 6. g4 Bd7 7. c4 dxc4 8. Bxc4
e6 9. Nc3 Ne7 10. f4 Nd5 11. Nf3 Na6 12. Qb3 Nac7 13. Qxb6 axb6 14. Bd2 b5
15. Bb3 Nxc3 16. bxc3 Nd5 17. Kf2 Ba3 18. c4 bxc4 19. Bxc4 b5 20. Bb3 O-O
21. g5 Kh8 22. gxh6 gxh6 23. f5 exf5 24. Bxh6 Rg8 25. Ng5 Be6 26. Rhg1 Be7
27. Rac1 Ra6 28. Nxe6 fxe6 29. Kf3 Rxg1 30. Rxg1 Kh7 31. Rg6 Nc7 32. Bxe6
Nxe6 33. Rxe6 Ra3+ 34. Kf4 Bb4 35. Kxf5 Rxa2 36. Bf4 Rf2 37. Ke4 Re2+ 38.
Kf3 Re1 39. Rxc6 Rf1+ 40. Ke4 Re1+ 41. Kf5 Rf1 42. Rc7+ Kg8 43. Kg5 Rg1+ 44.
Kf6 Rf1 45. Kg5 Rg1+ 46. Kf5 Rf1 47. Ke4 Re1+ 48. Kd5 Bf8 49. Bg5 b4 50. Rb7
Rh1 51. h6 Rh5 52. h7+ Rxh7 53. Rxh7 Kxh7 54. Kc4 Kg6 55. Bd2 Kf5 56. Bxb4
Bh6 57. Kd5 Bf4 58. Bc5 Bg5 59. Kc6 Ke6 60. Bd6 Bf4 61. d5+ Kf5 62. e6 Bg5
63. Kd7 Ke4 64. Kc6 Kd4 65. Bc7 Ke4 66. d6 Ke5 67. e7 Kf5 68. e8=Q Bf6 69.
d7 Bg5 70. d8=Q Kg4 71. Qxg5+ Kxg5 72. Qe5+ Kg4 73. Qd4+ Kf3 74. Bb8 Ke2 75.
Qc4+ Kd1 76. Qd5+ Kc2 77. Qc5+ {Black forfeits on time} 1-0

[Event "ICCopen2017"]
[Site "Internet Chess Club"]
[Date "2017.03.26"]
[Round "8"]
[White "leonardoalmeida"]
[Black "manusupergm2001"]
[Result "0-1"]
[ICCResult "White forfeits on time"]
[WhiteElo "1847"]
[BlackElo "2122"]
[Opening "Van't Kruijs opening"]
[ECO "A00"]
[Time "20:29:47"]
[TimeControl "180+0"]

1. e3 c5 2. b3 Nc6 3. Bb2 Nf6 4. Nf3 e6 5. d4 d5 6. dxc5 Bxc5 7. a3 O-O 8.
Be2 Ne4 9. O-O Be7 10. Nbd2 Bf6 11. Bxf6 Qxf6 12. Nxe4 dxe4 13. Nd2 Qe5 14.
Nc4 Qg5 15. Qd6 Rd8 16. Qg3 Qxg3 17. hxg3 Ne7 18. Rad1 Nd5 19. Ne5 f6 20. c4
fxe5 21. cxd5 exd5 22. Rd2 Be6 23. Rc1 Rac8 24. Rdc2 Rxc2 25. Rxc2 d4 26.
exd4 exd4 27. Rc7 Bxb3 28. Rxb7 d3 29. Bg4 Bc2 30. Rxa7 d2 31. a4 d1=Q+ 32.
Bxd1 Rxd1+ 33. Kh2 Rd2 34. a5 Bd3 35. a6 Ra2 36. Ra8+ Kf7 37. Ra7+ Kf6 38.
g4 Rxa6 39. Rc7 Ra2 40. Kg3 Ra3 41. Kf4 g5+ 42. Ke3 Bf1+ 43. Kxe4 Bxg2+ 44.
Kd4 Ra4+ 45. Ke3 Re4+ 46. Kd2 Rxg4 47. Rxh7 Be4 48. Rh8 Rf4 49. Ke3 Bf5 50.
Rg8 Re4+ 51. Kf3 Rf4+ 52. Ke3 Rh4 53. f3 Ra4 54. Kf2 Ra3 55. Rf8+ Ke5 56.
Kg3 g4 57. Re8+ Kd6 58. Rd8+ Ke7 59. Rb8 Rxf3+ 60. Kh4 Kf6 61. Rb6+ Be6 62.
Rxe6+ Kxe6 63. Kxg4 Rf5 64. Kg3 Ke5 65. Kg4 Ke4 66. Kg3 Rf4 67. Kg2 Ke3 68.
Kg3 Ra4 69. Kg2 Rg4+ 70. Kh3 Kf3 71. Kh2 Rh4+ 72. Kg1 Rh8
{White forfeits on time}
0-1

[Event "ICCopen2017"]
[Site "Internet Chess Club"]
[Date "2017.03.26"]
[Round "8"]
[White "Fighterman"]
[Black "Voltage"]
[Result "0-1"]
[ICCResult "White forfeits on time"]
[WhiteElo "2434"]
[BlackElo "2474"]
[Opening "Queen's pawn game"]
[ECO "D00"]
[NIC "QP.07"]
[Time "20:29:42"]
[TimeControl "180+0"]

1. d4 Nf6 2. Nc3 d5 3. Bf4 e6 4. Nb5 Na6 5. e3 c6 6. Nc3 Nc7 7. Nf3 Be7 8.
Ne5 a6 9. Bd3 Nb5 10. O-O O-O 11. Ne2 Nd6 12. c3 Bd7 13. a4 Rc8 14. Nxd7
Qxd7 15. h3 c5 16. dxc5 Rxc5 17. Nd4 Nfe4 18. Be2 Nc4 19. Bxc4 Rxc4 20. Nf3
f6 21. Bh2 Rfc8 22. a5 R4c6 23. Nd4 Rc4 24. Qg4 f5 25. Qe2 Bf6 26. Nf3 Ra4
27. Ne5 Qe8 28. Qc2 Rxa1 29. Rxa1 h6 30. Qb3 Nc5 31. Qb6 Bxe5 32. Bxe5 Qc6
33. Qxc6 Rxc6 34. Bg3 Nd3 35. Ra3 Nc5 36. f3 Kf7 37. Kf1 g5 38. Ke2 Ke7 39.
Be5 Nd7 40. Bg3 Nc5 41. Kd2 h5 42. Be5 Nd7 43. Bh2 Nc5 44. h4 g4 45. Be5 Nd7
46. Bf4 e5 47. Bg5+ Ke6 48. Rb3 Nc5 49. Rb4 gxf3 50. gxf3 e4 51. f4 Kd7 52.
Ke2 Kc7 53. Rd4 Rd6 54. Be7 Rc6 55. Rxd5 Ne6 56. Bf6 Rc5 57. Be5+ Kc6 58.
Rd6+ Kb5 59. Rxe6 Rc8 60. Rb6+ Kxa5 61. Bd4 Ka4 62. b3+ Ka3 63. b4 Rg8 64.
Rxb7 Rg2+ 65. Kf1 Kb3 66. Rb6 Rc2 67. Rxa6 Rc1+ 68. Kg2 Rc2+ 69. Kg3 Kc4 70.
Ra5 Kd3 71. Rxf5 Rc1 72. Rxh5 Rg1+ 73. Kh3 Rb1 74. Kg4 Rh1 75. Kf5 Rg1 76.
Rg5 Rf1 77. Rg1 Rxg1 78. h5 Rh1 79. h6 Rh5+ 80. Kg6 Rh1 81. Kh7 Rg1 82. Kh8
Rh1 83. Kh7 Rh5 84. Kh8 Rb5 85. Kg7 Rb7+ 86. Kg6 Rb8 87. Kh5 Rc8 88. Kg4 Rd8
89. Kh4 Rg8 90. Bf6 Rg4+ {White forfeits on time} 0-1

[Event "ICCopen2017"]
[Site "Internet Chess Club"]
[Date "2017.03.26"]
[Round "8"]
[White "Chaos23"]
[Black "Ricardov"]
[Result "0-1"]
[ICCResult "White forfeits on time"]
[WhiteElo "1843"]
[BlackElo "2170"]
[Opening "Benko's opening"]
[ECO "A00"]
[NIC "VO.09"]
[Time "20:29:50"]
[TimeControl "180+0"]

1. g3 e5 2. Bg2 Nf6 3. d3 d5 4. Nd2 Nc6 5. a3 a5 6. Ngf3 Be7 7. O-O O-O 8.
e4 Re8 9. exd5 Nxd5 10. Re1 f6 11. Nc4 Be6 12. d4 Nc3 13. bxc3 Bxc4 14. Be3
Bd6 15. Nd2 Bf7 16. Ne4 Be7 17. g4 Qd7 18. Ng3 Bd5 19. Nf5 Bxg2 20. Kxg2
Rad8 21. Rb1 b6 22. a4 Bf8 23. Qf3 Qd5 24. Qxd5+ Rxd5 25. c4 Rdd8 26. d5 Nb4
27. Re2 g6 28. Ng3 Kf7 29. Ne4 h6 30. Nc3 f5 31. gxf5 gxf5 32. Nb5 Na6 33.
f3 Rd7 34. Kf1 Bc5 35. Rbe1 Bxe3 36. Rxe3 Kf6 37. Nd4 Nc5 38. Nc6 e4 39.
fxe4 Rxe4 40. Rxe4 Nxe4 41. Re2 Rg7 42. Rg2 Rxg2 43. Kxg2 Nc3 44. Na7 Ke7
45. Nb5 Nxb5 46. cxb5 Kd6 47. c4 Kc5 48. Kf3 Kxc4 49. Kf4 Kb4 50. Kxf5 Kxa4
51. Ke6 Kxb5 52. Kd7 a4 53. Kxc7 a3 54. d6 a2 55. d7 a1=Q 56. d8=Q Qa7+ 57.
Kd6 Qa3+ 58. Kc7 Qc3+ 59. Kb7 Qc6+ 60. Ka7 Kc5 61. Qf8+ Qd6 62. Qf2+ Kc6 63.
Qf3+ Kc5 64. Qc3+ Kd5 65. Qd3+ Ke6 66. Qe3+ Qe5 67. Qxh6+ Kd5 68. Qxb6 Qa1+
69. Kb7 Qe5 70. Ka6 Ke4 71. Qb5 Qa1+ 72. Kb6 Qf6+ 73. Qc6+ Kf5
{White forfeits on time}
0-1

[Event "ICCopen2017"]
[Site "Internet Chess Club"]
[Date "2017.03.26"]
[Round "8"]
[White "croder"]
[Black "Djukanyc"]
[Result "1-0"]
[ICCResult "Black forfeits on time"]
[WhiteElo "1542"]
[BlackElo "1812"]
[Opening "Sicilian: closed"]
[ECO "B23"]
[NIC "SI.44"]
[Time "20:30:59"]
[TimeControl "180+0"]

1. e4 c5 2. Nc3 e6 3. d3 d5 4. exd5 exd5 5. d4 Nf6 6. Nf3 Nc6 7. Bb5 Bg4 8.
O-O cxd4 9. Bxc6+ bxc6 10. Qxd4 Bxf3 11. gxf3 Be7 12. Bf4 O-O 13. Bg3 c5 14.
Qd2 d4 15. Ne4 Qd5 16. Rfe1 Rfe8 17. Kg2 Rac8 18. Nxf6+ Bxf6 19. Rxe8+ Rxe8
20. Qa5 Re7 21. a4 h5 22. h4 Re2 23. Rc1 Qf5 24. Qxa7 Rxc2 25. Re1 d3 26.
Qb8+ Kh7 27. Qb3 d2 28. Rd1 Rxb2 29. Qe3 c4 30. Rxd2 Rxd2 31. Qxd2 c3 32.
Qc1 c2 33. a5 Qd3 34. a6 Qd1 35. Bf4 Bd4 36. Qa3 Qe2 37. Bg3 Be3 38. Qa2 Qd3
39. Qxf7 c1=Q 40. Qxh5+ {Black forfeits on time} 1-0

[Event "ICCopen2017"]
[Site "Internet Chess Club"]
[Date "2017.03.26"]
[Round "8"]
[White "chigato"]
[Black "AnthonyRaelund"]
[Result "0-1"]
[ICCResult "White checkmated"]
[WhiteElo "1649"]
[BlackElo "1489"]
[Opening "Gedult's opening"]
[ECO "A00"]
[Time "20:30:27"]
[TimeControl "180+0"]

1. f3 c5 2. e4 Nc6 3. c3 d5 4. Bb5 dxe4 5. fxe4 Bd7 6. d3 a6 7. Ba4 b5 8.
Bc2 Nf6 9. Nf3 Bg4 10. Qe2 e6 11. Bg5 Be7 12. Nbd2 O-O 13. O-O h6 14. Bh4
Ne5 15. h3 Bxf3 16. Nxf3 Nxf3+ 17. Qxf3 Qb6 18. Rad1 Rfd8 19. Kh1 Rac8 20.
e5 Nd5 21. c4 Bxh4 22. cxd5 f6 23. exf6 Bxf6 24. dxe6 Qxe6 25. Rde1 Qf7 26.
a3 Rf8 27. Rb1 Bd4 28. Qe4 Qxf1+ 29. Rxf1 Rxf1+ 30. Kh2 Rcf8 31. Bb3+ Kh8
32. h4 R1f4 33. Qg6 R4f5 34. g3 Be5 35. Kh3 Rf3 36. d4 cxd4 37. Bc2 Rxg3+
38. Qxg3 Bxg3 39. Kxg3 Re8 40. h5 Re3+ 41. Kg4 d3 42. Bd1 d2 43. Kf4 Re1 44.
Bc2 d1=Q 45. Bxd1 Rxd1 46. Ke3 Rb1 47. a4 Rxb2 48. axb5 Rxb5 49. Kd4 Rxh5
50. Kc4 g5 51. Kb4 g4 52. Kc3 g3 53. Kd2 g2 54. Ke3 Rf5 55. Ke4 Rf7 56. Ke5
g1=Q 57. Ke6 Rf3 58. Kd6 Qe1 59. Kc6 Rd3 60. Kc5 Qc1+ 61. Kb6 Rb3+ 62. Ka7
Qc5+ 63. Ka8 Qc6+ 64. Ka7 Qb7# {White checkmated} 0-1

[Event "ICCopen2017"]
[Site "Internet Chess Club"]
[Date "2017.03.26"]
[Round "8"]
[White "cloak1"]
[Black "ChessOptimist"]
[Result "1-0"]
[ICCResult "Black forfeits on time"]
[WhiteElo "1875"]
[BlackElo "2025"]
[Opening "French: Tarrasch, open variation, main line"]
[ECO "C09"]
[NIC "FR.22"]
[Time "20:30:47"]
[TimeControl "180+0"]

1. e4 e6 2. d4 d5 3. Nd2 c5 4. exd5 exd5 5. Ngf3 Nc6 6. Qe2+ Qe7 7. dxc5
Qxe2+ 8. Bxe2 Bxc5 9. c3 Nge7 10. O-O O-O 11. Nb3 Bb6 12. Rd1 Bf5 13. Bd3
Bg4 14. Be2 Rad8 15. h3 Bh5 16. Bg5 f6 17. Bf4 Bf7 18. Nfd4 Rfe8 19. Bf3 g5
20. Bg3 h6 21. Nb5 Nf5 22. Bc7 Rd7 23. Bxb6 axb6 24. N5d4 Nfxd4 25. Nxd4 Ne5
26. Be2 Bg6 27. Bb5 Ree7 28. Bxd7 Rxd7 29. b3 Bf7 30. Nf3 Ng6 31. c4 Nf4 32.
Rd2 Re7 33. cxd5 Bxd5 34. Nd4 Bxg2 35. Nf5 Re5 36. Nxh6+ Kg7 37. Ng4 Re6 38.
Ne3 Bxh3 39. Rc1 Re4 40. Rc7+ Kg6 41. Rxb7 Be6 42. Rxb6 Nh3+ 43. Kg2 g4 44.
Rdd6 Kg5 45. a4 Nf4+ 46. Kg3 Nh5+ 47. Kg2 Nf4+ 48. Kf1 f5 49. a5 Re5 50. a6
Ra5 51. Rxe6 Ra1+ 52. Nd1 Rxd1+ 53. Re1 Rd7 54. Rb7 {Black forfeits on time}
1-0

[Event "ICCopen2017"]
[Site "Internet Chess Club"]
[Date "2017.03.26"]
[Round "8"]
[White "touchthis"]
[Black "wagnerbi"]
[Result "1-0"]
[ICCResult "Black forfeits on time"]
[WhiteElo "1486"]
[BlackElo "1852"]
[Opening "Bird's opening"]
[ECO "A02"]
[NIC "VO.07"]
[Time "20:29:37"]
[TimeControl "180+0"]

1. f4 Nf6 2. Nf3 d6 3. e3 g6 4. b3 Bg7 5. Bb2 O-O 6. Be2 Nbd7 7. O-O c6 8.
d3 Qe8 9. Qe1 e5 10. fxe5 Nxe5 11. Nxe5 dxe5 12. e4 Qd8 13. Bxe5 Qb6+ 14.
Kh1 {Black forfeits on time} 1-0